 Dungeon Crawl Stone Soup version 0.29.0-11-gd7f09526c8 (webtiles) character file.

Game seed: 4632509128394845970

6955 keekatzer the Basher (level 10, -5/136 HPs)
             Began as a Troll Transmuter on Sept 6, 2022.
             Was an Initiate of Elyvilon.
             Slain by a vault guard
             ... wielding a +0 broad axe
              (9 damage)
             ... in a bailey.
             The game lasted 00:32:22 (5026 turns).

keekatzer the Basher (Troll Transmuter)             Turns: 5026, Time: 00:32:23

Health: -5/136     AC: 12    Str: 26    XL:     10   Next: 80%
Magic:  13/13      EV: 11    Int: 23    God:    Elyvilon [......]
Gold:   395        SH:  0    Dex: 17    Spells: 7/15 levels left

rFire   . . .      SeeInvis .   p - +7 mace of the World {freeze, *Rage Int+8 Dex+3 Stlth+}
rCold   . . .      Faith    .   (no shield)
rNeg    . . .      Spirit   .   E - +0 acid dragon scales
rPois   .          Reflect  .   (helmet restricted)
rElec   .          Harm     .   x - +2 cloak
rCorr   +          Rampage  .   (gloves unavailable)
Will    .....      Rage     20% (boots unavailable)
Stlth   ..........              A - amulet of magic regeneration
HPRegen 1.12/turn               l - +6 ring of strength
MPRegen 0.53/turn               m - +6 ring of intelligence

@: berserking, very quick
A: large, unfitting armour, claws 3, regeneration 1, shaggy fur 1, tough skin 1
a: Renounce Religion


You were in a bailey.
You worshipped Elyvilon.
Elyvilon was noncommittal.
You visited 2 branches of the dungeon, and saw 9 of its levels.
You also visited: Bailey.

You collected 437 gold pieces.
You spent 42 gold pieces at shops.

Inventory:

Hand Weapons
 p - the +7 mace of the World (weapon) {freeze, *Rage Int+8 Dex+3 Stlth+}
   (You found it on level 3 of the Dungeon)

   It freezes those it strikes, dealing additional cold damage.
   It can also slow down cold-blooded creatures.
   Int:       It affects your intelligence (+8).
   Dex:       It affects your dexterity (+3).
   *Rage:     It berserks you when you make melee attacks (+20% chance).
   Stlth:     It makes you more stealthy.
 y - a +2 spear of distortion
Missiles
 q - 5 large rocks
Armour
 a - a +0 robe
 x - a +2 cloak (worn)
 E - +0 acid dragon scales (worn)
 K - a +2 robe
Jewellery
 l - a +6 ring of strength (left claw)
 m - a +6 ring of intelligence (right claw)
 A - an amulet of magic regeneration (around neck)
 F - a +4 ring of protection
 O - a ring of willpower
 P - a ring of ice
Wands
 j - a wand of paralysis (15)
 D - a wand of digging (6)
 L - a wand of mindburst (18)
Scrolls
 b - 4 scrolls of immolation {unknown}
 c - a scroll of magic mapping {unknown}
 d - 5 scrolls of vulnerability {unknown}
 e - 3 scrolls of fear {unknown}
 f - 5 scrolls of teleportation
 g - 2 scrolls of amnesia {unknown}
 r - 2 scrolls of noise {unknown}
 s - 2 scrolls of summoning {unknown}
 t - 2 scrolls of enchant armour {unknown}
 u - 3 scrolls of identify {unknown}
 v - 2 scrolls of blinking {unknown}
 w - a scroll of brand weapon {unknown}
 G - a scroll of poison {unknown}
 M - a scroll of torment {unknown}
 Q - a scroll of enchant weapon {unknown}
Potions
 h - 4 potions of berserk rage {unknown}
 i - 2 potions of resistance {unknown}
 k - a potion of haste {unknown}
 n - 7 potions of curing
 o - a potion of ambrosia {unknown}
 z - a potion of brilliance {unknown}
 B - a potion of flight {unknown}
 C - a potion of attraction {unknown}
 H - a potion of mutation {unknown}
 I - a potion of lignification
 N - a potion of heal wounds {unknown}
Miscellaneous
 J - a tin of tremorstones (2/2)


   Skills:
 + Level 3.6 Fighting
 * Level 8.7 Maces & Flails
 * Level 4.8 Armour
 + Level 4.0 Dodging
 + Level 2.3 Stealth
 - Level 4.0 Unarmed Combat
 - Level 3.0 Spellcasting
 * Level 4.9 Transmutations
 + Level 0.1 Fire Magic
 * Level 3.9 Ice Magic


You had 7 spell levels left.
You knew the following spells:

 Your Spells              Type           Power      Damage    Failure   Level
a - Beastly Appendage     Tmut           52%        N/A       1%          1
b - Wereblood             Tmut           26%        N/A       2%          2
c - Ice Form              Ice/Tmut       23%        N/A       22%         4
d - Foxfire               Conj/Fire      12%        2x1d4     13%         1

Your spell library contained the following spells:

 Spells                   Type           Power      Damage    Failure   Level
 Spider Form              Tmut/Pois      14%        N/A       16%         3
 Ignite Poison            Fire/Tmut/Pois 11%        N/A       21%         3
 Conjure Flame            Conj/Fire      3%         6-21      36%         3
 Inner Flame              Hex/Fire       3%         N/A       36%         3
 Gell's Gravitas          Tloc           3%         N/A       38%         3
 Lesser Beckoning         Tloc           3%         N/A       38%         3
 Mephitic Cloud           Conj/Pois/Air  3%         N/A       38%         3
 Teleport Other           Tloc           3%         N/A       38%         3
 Hailstorm                Conj/Ice       12%        3d5       52%         4
 Summon Ice Beast         Ice/Summ       12%        N/A       52%         4
 Flame Wave               Conj/Fire      3%         2d5       78%         4
 Animate Dead             Necr           3%         N/A       80%         4
 Freezing Cloud           Conj/Ice/Air   4%         6-21      92%         5
 Simulacrum               Ice/Necr       6%         N/A       100%        6
 Haunt                    Necr/Summ      1%         N/A       100%        7
 Infestation              Necr           1%         N/A       100%        8


Dungeon Overview and Level Annotations

Branches:
Dungeon (8/15)             Temple (1/1) D:7          Bailey (1/1)
   Lair: D:8-11

Altars:
Ashenzari
Cheibriados
Dithmenos
Elyvilon
Fedhas
Hepliaklqana
Kikubaaqudgha
Makhleb
Nemelex Xobeh
Okawaru
Qazlal
Sif Muna
Uskayaw
Wu Jian
Yredelemnul
Zin
The Shining One

Shops:
D:1 !   D:2 :*(*   D:4 [


Innate Abilities, Weirdness & Mutations

You are too large for most types of armour.
You have claws for hands.
Your natural rate of healing is unusually fast.
You are covered in fur. (AC +1)
You have tough skin. (AC +1)


Message History

It was a potion of curing.
You feel better.
The vault guard hits you with a +0 broad axe!
* * * LOW HITPOINT WARNING * * *
You hit the vault guard. You freeze the vault guard.
The vault guard is moderately wounded.
The vault guard barely misses you.
You barely miss the vault guard. Your claw misses the vault guard.
The vault guard is moderately wounded.
You recover from your berserk rage.
The vault guard hits you with a +0 broad axe.
* * * LOW HITPOINT WARNING * * *
You thump the vault guard! You freeze the vault guard.
The vault guard is heavily wounded.
The vault guard closely misses you.
A red film seems to cover your vision as you go berserk!
You feel yourself moving faster!
You feel mighty!
You barely miss the vault guard.
The vault guard is heavily wounded.
The vault guard hits you with a +0 broad axe.
* * * LOW HITPOINT WARNING * * *
You hit the vault guard but do no damage.
The vault guard is moderately wounded.
The vault guard hits you with a +0 broad axe.
* * * LOW HITPOINT WARNING * * *
You hit the vault guard. You freeze the vault guard.
The vault guard is heavily wounded.
You sock the vault guard! You freeze the vault guard.
The vault guard is severely wounded.
The vault guard hits you with a +0 broad axe!
* * * LOW HITPOINT WARNING * * *
You hit the vault guard. You freeze the vault guard.
The vault guard is severely wounded.
The vault guard hits you with a +0 broad axe!
* * * LOW HITPOINT WARNING * * *
You hit the vault guard but do no damage.
The vault guard is severely wounded.
You closely miss the vault guard.
The vault guard is severely wounded.
The vault guard hits you with a +0 broad axe!
You die...

#≈††.≈#..)..†
#≈~..≈####...
####≈~.≈##≈##..
#~.?#≈~.~≈≈~≈#..
~..?#≈~..~~~≈##.
##~..##≈~.~.~~~≈#.
#~..~#≈~....~~~≈##
#.p~##≈~....~~~≈#
#@###≈~...~.~~~≈#
#.≈≈≈~.~.~..~~~≈#
##.....~....~~≈##
#~~~.....~.~~≈#
##~~~##+##~~≈##
##~## #≈## ### ##


You could see a vault guard.

Vanquished Creatures
  A centaur warrior (D:8)
  An ugly thing (D:8)
  Maggie (D:6)
  A troll (D:8)
  Grinder (D:6)
  A wraith (D:7)
  6 yaks (D:8)
  5 humans (Bailey)
  3 steam dragons
  Menkaure (D:7)
  A water moccasin (D:5)
  A sky beast (D:6)
  A black bear (D:3)
  An orc warrior (D:7)
  4 ice beasts
  2 ogres
  A kobold brigand (D:7)
  13 bullfrogs
  3 necrophages
  3 scorpions
  2 wights (D:7)
  A howler monkey (D:5)
  An orc priest (D:7)
  4 hounds
  2 gnoll boudas
  2 jellies
  Ijyb (D:4)
  Crazy Yiuf (D:4)
  Terence (D:2)
  3 iguanas
  3 orc wizards
  5 adders
  12 gnolls
  A shadow imp (D:7)
  2 ufetubi
  2 worms
  A dart slug (D:2)
  18 orcs
  10 ball pythons
  7 endoplasms
  17 giant cockroaches
  14 goblins
  8 hobgoblins
  2 jackals (D:4)
  4 quokkas
  8 bats
  3 frilled lizards (D:3)
  12 kobolds
  A rat (D:2)
199 creatures vanquished.

Vanquished Creatures (others)
  4 foxfires (D:7)
  2 fungi (D:4)
6 creatures vanquished.

Grand Total: 205 creatures vanquished

Notes
Turn   | Place    | Note
-------+----------+-------------------------------------------
     0 | D:1      | keekatzer the Troll Transmuter began the quest for the Orb.
     0 | D:1      | Reached XP level 1. HP: 18/18 MP: 1/1
   116 | D:1      | Found Oseacy's Distillery.
   270 | D:1      | Reached XP level 2. HP: 26/26 MP: 2/2
   466 | D:1      | Found a faded altar of an unknown god.
   611 | D:1      | Learned a level 2 spell: Wereblood
   622 | D:2      | Found Qagaciw's General Store.
   634 | D:2      | Reached XP level 3. HP: 14/32 MP: 3/3
   792 | D:2      | Found Dupeank's Assorted Antiques.
   823 | D:2      | Noticed Terence
   852 | D:2      | Killed Terence
   853 | D:2      | Reached XP level 4. HP: 8/40 MP: 5/5
   879 | D:2      | Found Solaejul's Book Boutique.
   995 | D:2      | Found Roshriq's Weapon Shop.
  1004 | D:2      | Bought a scroll of teleportation for 42 gold pieces
  1106 | D:3      | Identified the +7 mace of the World {freeze, *Rage Int+8
                  | Dex+3 Stlth+}
  1140 | D:3      | Found an iron altar of Okawaru.
  1177 | D:3      | Noticed a black bear
  1185 | D:3      | Killed a black bear
  1186 | D:3      | Reached skill level 1 in Fighting
  1186 | D:3      | Reached XP level 5. HP: 48/48 MP: 2/6
  1636 | D:3      | Got the Volume of the Winter
  1688 | D:4      | Found Fisen's Armour Boutique.
  1694 | D:4      | Learned a level 4 spell: Ice Form
  1703 | D:4      | Identified the +1 battleaxe of Floods {elec, Fly Dex+3}
  1728 | D:4      | Reached XP level 6. HP: 47/55 MP: 7/7
  1743 | D:4      | Reached skill level 1 in Maces & Flails
  1746 | D:4      | HP: 2/55 [gnoll/+0 spear (3)]
  2056 | D:4      | Found a runed translucent door.
  2057 | D:4      | Noticed Crazy Yiuf
  2078 | D:4      | Killed Crazy Yiuf
  2166 | D:4      | Reached skill level 1 in Stealth
  2304 | D:4      | Noticed Ijyb
  2311 | D:4      | Paralysed by Ijyb for 2 turns
  2314 | D:4      | Killed Ijyb
  2418 | D:4      | Reached skill level 2 in Maces & Flails
  2535 | D:5      | Entered Level 5 of the Dungeon
  2564 | D:5      | Noticed a water moccasin
  2564 | D:5      | Noticed an ice beast
  2573 | D:5      | Reached skill level 1 in Ice Magic
  2574 | D:5      | Reached XP level 7. HP: 62/62 MP: 5/9
  2609 | D:5      | Reached skill level 3 in Maces & Flails
  2789 | D:5      | Reached XP level 8. HP: 71/72 MP: 10/10
  2928 | D:5      | Reached skill level 4 in Maces & Flails
  3091 | D:6      | Noticed Maggie
  3103 | D:6      | Killed Maggie
  3104 | D:6      | Reached skill level 5 in Maces & Flails
  3287 | D:6      | Noticed Grinder
  3298 | D:6      | Killed Grinder
  3410 | D:6      | Reached XP level 9. HP: 80/80 MP: 12/12
  3483 | D:6      | Reached skill level 6 in Maces & Flails
  3808 | D:7      | Found an ancient bone altar of Kikubaaqudgha.
  3813 | D:7      | Noticed Menkaure
  3815 | D:7      | Found a basalt altar of Yredelemnul.
  3835 | D:7      | Found a transporter.
  3837 | D:7      | Found a transporter.
  3882 | D:7      | Learned a level 1 spell: Foxfire
  3891 | D:7      | Killed Menkaure
  3893 | D:7      | Reached skill level 1 in Armour
  3983 | D:7      | Found a staircase to the Ecumenical Temple.
  3996 | Temple   | Entered the Ecumenical Temple
  4243 | D:7      | Reached skill level 7 in Maces & Flails
  4519 | D:8      | Found a snail-covered altar of Cheibriados.
  4519 | D:8      | Found a white marble altar of Elyvilon.
  4519 | D:8      | Found a shadowy altar of Dithmenos.
  4519 | D:8      | Found a glowing golden altar of the Shining One.
  4536 | D:8      | Reached XP level 10. HP: 89/89 MP: 13/13
  4545 | D:8      | Became a worshipper of Elyvilon the Healer
  4679 | D:8      | Noticed a green ugly thing
  4679 | D:8      | Noticed a centaur warrior
  4686 | D:8      | Killed a centaur warrior
  4687 | D:8      | Reached skill level 8 in Maces & Flails
  4699 | D:8      | Killed a green ugly thing
  4790 | D:8      | Found a flagged portal.
  4841 | Bailey   | Entered a bailey
  5005 | Bailey   | Noticed a vault guard
  5024 | Bailey   | HP: 3/136 [vault guard/+0 broad axe (14)]
  5026 | Bailey   | Slain by a vault guard

Illustrated notes

Levels and vault maps discovered:
D:1:      lordsloth_arrival_two_stooges, layout_loops_ring, serial_shops,
          nicolae_shop_hallway_stairs, shapermc_ecumenical_altar_mp_ritualfount,
          nicolae_hexahallways
D:2:      layout_rooms, serial_shops, shop, shop, shop,
          nicolae_shop_behind_doors, uniq_terence
D:3:      minmay_roachtagon, layout_basic, mainiacjoe_overflow_catwalk,
          chequers_serial_rivers_marsh
D:4:      layout_basic, serial_shops, nicolae_shop_advertising_works
          [nicolae_subvault_shop_adworks], uniq_ijyb, uniq_crazy_yiuf_cottage
D:5:      layout_basic, minmay_fractal_squares_5
D:6:      layout_gridville, minmay_unpleasant_kobolds, uniq_grinder, uniq_maggie
D:7:      layout_gridville, gammafunk_temple_of_torment,
          minmay_temple_entry_wispy
D:8:      minmay_curly_fans, layout_gridville, grunt_temple_overflow_open,
          enter_bailey_6
Temple:   hellmonk_temple_micro_hex
Bailey:   bailey_axe_froggy_fort_hellmonk, bailey

Skill      XL: |  1  2  3  4  5  6  7  8  9 10 |
---------------+-------------------------------+-----
Transmutations | 2 3 4 |  4.9
Dodging        | 2 3 4 |  4.0
Unarmed Combat | 4 |  4.0
Fighting       | 1 2 3 |  3.6
Maces & Flails | 2 3 5 7 8 |  8.7
Spellcasting   | 2 3 |  3.0
Stealth        | 1 2 |  2.3
Ice Magic      | 1 2 3 |  3.9
Armour         | 2 4 |  4.8
Fire Magic     | |  0.1

Action                   |  1- 3 |  4- 6 |  7- 9 | 10-12 || total
-------------------------+-------+-------+-------+-------++-------
Melee: Unarmed           |    92 |    21 |       |       ||   113
       Kick              |     1 |    11 |    25 |     2 ||    39
       Punch             |     1 |       |     9 |     4 ||    14
       Mace              |       |   113 |   178 |   104 ||   395
       Headbutt          |       |     4 |    14 |     2 ||    20
 Cast: Beastly Appendage |     3 |     8 |     8 |     1 ||    20
       Wereblood         |     1 |     7 |    10 |       ||    18
       Foxfire           |       |       |     2 |       ||     2
  Use: Potion            |       |       |     1 |     1 ||     2
 Stab: Sleeping          |     1 |     7 |     7 |       ||    15
       Distracted        |       |     1 |       |       ||     1
Armor: Robe              |    51 |    71 |    33 |       ||   155
       Skin              |       |       |    29 |       ||    29
       Acid dragon scale |       |       |    49 |    44 ||    93
Dodge: Dodged            |    57 |   101 |    91 |    62 ||   311
